[ AOE2 MATCH · #478196992 ]
Team RMTeutons vs Celts
[ REPLAY ANALYSIS · EXTRACTED FROM THE RECORDED GAME ]
Feudal
12:21
Castle
19:26
Imperial
33:45
| APM avg | 36.9 |
| APM peak | 77 |
| eAPM avg | 19.7 |
| Villagers / military | 93 / 104 |
Focus
⚔️ 31.4% · 🌾 68.6%
Teutonic Knight ×56 · Knight ×31 · Battering Ram ×8 · Trebuchet (Packed) ×6 · Monk ×3
Feudal
12:06
Castle
22:30
Imperial
—
| APM avg | 17.6 |
| APM peak | 46 |
| eAPM avg | 9.3 |
| Villagers / military | 45 / 39 |
Focus
⚔️ 22.0% · 🌾 78.0%
Scout Cavalry ×23 · Knight ×8 · Fishing Ship ×7 · Trade Cart ×4 · Petard ×3 · Demolition Raft ×3
Feudal
15:08
Castle
23:05
Imperial
42:16
| APM avg | 18.8 |
| APM peak | 38 |
| eAPM avg | 12.6 |
| Villagers / military | 107 / 90 |
Focus
⚔️ 28.0% · 🌾 72.0%
Camel Scout ×52 · Ghulam ×32 · Spearman ×6 · Trade Cart ×4
Feudal
11:43
Castle
21:14
Imperial
37:47
| APM avg | 28.9 |
| APM peak | 79 |
| eAPM avg | 17.1 |
| Villagers / military | 152 / 118 |
Focus
⚔️ 27.9% · 🌾 72.1%
Woad Raider ×59 · Battering Ram ×30 · Scorpion ×19 · Spearman ×9 · Fishing Ship ×8 · Demolition Raft ×1
Feudal
14:39
Castle
18:23
Imperial
34:46
| APM avg | 28.3 |
| APM peak | 73 |
| eAPM avg | 15.6 |
| Villagers / military | 125 / 82 |
Focus
⚔️ 23.5% · 🌾 76.5%
Mameluke ×75 · Fishing Ship ×21 · Trebuchet (Packed) ×7
Feudal
13:09
Castle
25:44
Imperial
37:29
| APM avg | 17.2 |
| APM peak | 41 |
| eAPM avg | 10.8 |
| Villagers / military | 65 / 89 |
Focus
⚔️ 26.8% · 🌾 73.2%
Militia ×70 · Fishing Ship ×14 · Boyar ×7 · Knight ×7 · Trade Cart ×6 · Demolition Raft ×5
Match map
Initial resources + every placement click. Lines = walls · curves = elevation contours. ◆ gold · ⬟ stone · ● berries · ✦ relic · ◌ wall gap
Your base· ✓ Closed at 19:26 · 11t walls · no gate
Hamza's base· ✓ Closed at 22:30 · 0t walls · no gate
DreGweKer's base· ✓ Closed at 23:05 · 44t walls · no gate
krescher's base· ✓ Closed at 21:14 · 0t walls · no gate
90_Archer's base· ✓ Closed at 18:23 · 10t walls · no gate
Nelgubi's base· ✓ Closed at 25:44 · 0t walls · no gate
Smoothed initial terrain · ◌ = detected wall gap · hover for details
Inputs per minute
— Utku - - Hamza
Build order — Utku
First 150 of 302 actions detected
| 0:02 | Build | House |
| 0:03 | Build | House |
| 0:07 | Create | Villager (Male) |
| 0:07 | Create | Villager (Male) |
| 0:07 | Create | Villager (Male) |
| 0:08 | Create | Villager (Male) |
| 0:08 | Create | Villager (Male) |
| 0:28 | Research | Loom |
| 0:29 | Create | Villager (Male) |
| 0:29 | Create | Villager (Male) |
| 0:37 | Create | Villager (Male) |
| 0:37 | Create | Villager (Male) |
| 1:26 | Build | House |
| 1:29 | Build | House |
| 1:36 | Build | Palisade Gate |
| 1:43 | Build | Palisade Wall |
| 2:15 | Create | Villager (Male) |
| 2:16 | Create | Villager (Male) |
| 2:39 | Build | Palisade Wall |
| 3:02 | Create | Villager (Male) |
| 3:02 | Create | Villager (Male) |
| 3:37 | Create | Villager (Male) |
| 3:37 | Create | Villager (Male) |
| 4:11 | Create | Villager (Male) |
| 4:45 | Create | Villager (Male) |
| 4:45 | Create | Villager (Male) |
| 4:55 | Build | Palisade Wall |
| 5:15 | Create | Villager (Male) |
| 5:15 | Create | Villager (Male) |
| 5:26 | Build | Lumber Camp |
| 5:47 | Create | Villager (Male) |
| 5:47 | Create | Villager (Male) |
| 5:48 | Create | Villager (Male) |
| 6:23 | Create | Villager (Male) |
| 6:24 | Create | Villager (Male) |
| 6:24 | Create | Villager (Male) |
| 6:24 | Create | Villager (Male) |
| 7:20 | Create | Villager (Male) |
| 7:22 | Build | Mill |
| 8:04 | Create | Villager (Male) |
| 8:15 | Create | Villager (Male) |
| 8:23 | Build | House |
| 8:27 | Build | House |
| 8:33 | Create | Villager (Male) |
| 8:34 | Create | Villager (Male) |
| 9:43 | Create | Villager (Male) |
| 10:12 | Research | Feudal Age |
| 10:40 | Create | Villager (Male) |
| 12:06 | Build | Farm |
| 12:16 | Build | Mining Camp |
| 12:21 | Age | Feudal Age |
| 12:24 | Create | Villager (Male) |
| 12:26 | Research | Horse Collar |
| 12:32 | Research | Double-Bit Axe |
| 12:48 | Create | Villager (Male) |
| 13:18 | Build | Market |
| 13:22 | Build | Blacksmith |
| 13:24 | Create | Villager (Male) |
| 13:26 | Create | Villager (Male) |
| 13:31 | Build | Farm |
| 13:31 | Build | Farm |
| 13:32 | Build | Farm |
| 13:32 | Build | Farm |
| 13:33 | Build | Farm |
| 13:34 | Build | Farm |
| 13:56 | Build | House |
| 13:57 | Build | House |
| 14:09 | Create | Villager (Male) |
| 14:34 | Create | Villager (Male) |
| 14:36 | Create | Villager (Male) |
| 14:36 | Create | Villager (Male) |
| 15:13 | Build | Farm |
| 15:20 | Build | Farm |
| 15:24 | Build | Farm |
| 15:28 | Build | Farm |
| 15:40 | Create | Villager (Male) |
| 16:19 | Build | Barracks |
| 16:46 | Research | Castle Age |
| 16:51 | Research | Forging |
| 16:55 | Research | Scale Barding Armor |
| 17:10 | Research | Gold Mining |
| 17:30 | Build | Stable |
| 17:37 | Create | Villager (Male) |
| 18:08 | Build | Farm |
| 18:41 | Research | Bloodlines |
| 19:07 | Create | Villager (Male) |
| 19:14 | Build | Farm |
| 19:14 | Build | Farm |
| 19:14 | Build | Farm |
| 19:15 | Build | Farm |
| 19:22 | Build | Farm |
| 19:25 | Create | Villager (Male) |
| 19:26 | Age | Castle Age |
| 19:30 | Build | Monastery |
| 19:37 | Build | Town Center |
| 19:42 | Research | Bow Saw |
| 19:45 | Research | Heavy Plow |
| 19:55 | Create | Villager (Male) |
| 19:55 | Create | Villager (Male) |
| 20:05 | Create | Monk |
| 20:27 | Create | Villager (Male) |
| 20:35 | Build | House |
| 20:37 | Build | House |
| 20:38 | Build | House |
| 20:39 | Build | House |
| 20:40 | Build | House |
| 20:41 | Build | House |
| 20:44 | Build | House |
| 20:51 | Create | Villager (Male) |
| 21:17 | Create | Villager (Male) |
| 21:17 | Create | Villager (Male) |
| 21:18 | Create | Villager (Male) |
| 21:18 | Create | Villager (Male) |
| 21:18 | Create | Villager (Male) |
| 21:18 | Create | Villager (Male) |
| 21:21 | Create | Villager (Male) |
| 21:21 | Create | Villager (Male) |
| 21:44 | Build | Siege Workshop |
| 21:59 | Build | Siege Workshop |
| 22:40 | Research | Stone Mining |
| 22:43 | Create | Villager (Male) |
| 22:43 | Create | Villager (Male) |
| 22:44 | Create | Villager (Male) |
| 22:47 | Build | Mining Camp |
| 22:50 | Create | Villager (Male) |
| 22:52 | Build | Farm |
| 23:01 | Create | Knight |
| 23:01 | Create | Knight |
| 23:02 | Create | Knight |
| 23:02 | Create | Knight |
| 23:03 | Create | Knight |
| 23:04 | Create | Battering Ram |
| 23:04 | Create | Battering Ram |
| 23:18 | Create | Villager (Male) |
| 23:20 | Create | Villager (Male) |
| 23:22 | Build | Farm |
| 23:26 | Build | Farm |
| 23:40 | Create | Battering Ram |
| 23:49 | Build | Farm |
| 23:53 | Create | Villager (Male) |
| 23:58 | Create | Villager (Male) |
| 24:25 | Build | Stone Wall |
| 24:31 | Build | Gate |
| 24:42 | Research | Iron Casting |
| 24:45 | Create | Villager (Male) |
| 24:45 | Create | Villager (Male) |
| 24:46 | Create | Villager (Male) |
| 24:51 | Build | Farm |
| 24:55 | Create | Villager (Male) |
| 24:57 | Create | Villager (Male) |
Build order — Hamza
First 150 of 163 actions detected
| 0:05 | Build | House |
| 0:07 | Build | House |
| 0:15 | Create | Villager (Male) |
| 0:15 | Create | Villager (Male) |
| 0:16 | Create | Villager (Male) |
| 0:16 | Create | Villager (Male) |
| 1:44 | Create | Villager (Male) |
| 2:28 | Create | Villager (Male) |
| 2:28 | Create | Villager (Male) |
| 3:27 | Create | Villager (Male) |
| 3:28 | Create | Villager (Male) |
| 4:29 | Create | Villager (Male) |
| 4:30 | Create | Villager (Male) |
| 4:30 | Create | Villager (Male) |
| 4:30 | Create | Villager (Male) |
| 4:36 | Build | Lumber Camp |
| 4:57 | Build | Mill |
| 5:35 | Research | Loom |
| 6:02 | Build | House |
| 6:08 | Create | Villager (Male) |
| 6:08 | Create | Villager (Male) |
| 6:08 | Create | Villager (Male) |
| 6:09 | Create | Villager (Male) |
| 6:09 | Create | Villager (Male) |
| 6:37 | Build | House |
| 6:46 | Build | House |
| 6:54 | Build | House |
| 7:08 | Create | Villager (Male) |
| 7:09 | Create | Villager (Male) |
| 7:16 | Build | House |
| 7:34 | Build | House |
| 7:44 | Build | House |
| 9:08 | Build | Farm |
| 9:12 | Create | Villager (Male) |
| 9:27 | Build | House |
| 9:34 | Build | House |
| 9:35 | Build | House |
| 9:38 | Build | House |
| 9:41 | Build | House |
| 9:43 | Build | House |
| 9:45 | Build | House |
| 9:48 | Build | House |
| 9:56 | Research | Feudal Age |
| 10:27 | Build | Dock |
| 10:38 | Create | Villager (Male) |
| 10:54 | Build | Mining Camp |
| 11:10 | Create | Fishing Ship |
| 11:23 | Create | Villager (Male) |
| 11:36 | Create | Fishing Ship |
| 12:06 | Age | Feudal Age |
| 12:21 | Build | Farm |
| 12:21 | Build | Farm |
| 12:21 | Build | Farm |
| 12:22 | Build | Farm |
| 12:30 | Create | Villager (Male) |
| 13:07 | Create | Demolition Raft |
| 13:23 | Build | Blacksmith |
| 13:34 | Create | Villager (Male) |
| 13:34 | Create | Villager (Male) |
| 13:55 | Build | Farm |
| 13:55 | Build | Farm |
| 13:56 | Build | Farm |
| 13:56 | Build | Farm |
| 14:22 | Create | Villager (Male) |
| 14:23 | Create | Villager (Male) |
| 14:44 | Research | Wheelbarrow |
| 14:47 | Create | Villager (Male) |
| 14:53 | Research | Double-Bit Axe |
| 14:55 | Research | Horse Collar |
| 15:33 | Create | Villager (Male) |
| 15:57 | Build | Farm |
| 15:57 | Build | Farm |
| 15:58 | Build | Farm |
| 16:02 | Build | Farm |
| 16:02 | Build | Farm |
| 16:16 | Build | Farm |
| 16:52 | Create | Villager (Male) |
| 16:52 | Create | Villager (Male) |
| 17:05 | Build | Mining Camp |
| 17:33 | Build | Fish Trap |
| 17:44 | Create | Villager (Male) |
| 17:44 | Create | Villager (Male) |
| 18:13 | Build | Lumber Camp |
| 18:21 | Build | Farm |
| 18:29 | Build | Farm |
| 19:08 | Build | Market |
| 19:29 | Build | Fish Trap |
| 19:43 | Create | Villager (Male) |
| 19:50 | Research | Castle Age |
| 19:55 | Build | Farm |
| 20:16 | Create | Villager (Male) |
| 20:24 | Build | Barracks |
| 20:44 | Build | Farm |
| 20:47 | Create | Demolition Raft |
| 21:04 | Create | Demolition Raft |
| 21:13 | Create | Fishing Ship |
| 21:15 | Create | Fishing Ship |
| 21:39 | Build | House |
| 21:41 | Build | House |
| 21:44 | Build | House |
| 21:46 | Build | House |
| 21:47 | Build | House |
| 21:57 | Build | Stable |
| 21:59 | Build | Stable |
| 22:02 | Build | Stable |
| 22:14 | Create | Villager (Male) |
| 22:15 | Create | Villager (Male) |
| 22:22 | Build | Fish Trap |
| 22:26 | Create | Fishing Ship ×3 |
| 22:30 | Age | Castle Age |
| 22:48 | Build | Fish Trap |
| 23:24 | Create | Trade Cart |
| 23:24 | Create | Trade Cart |
| 23:24 | Create | Trade Cart |
| 23:32 | Research | Heavy Plow |
| 23:47 | Research | Bow Saw |
| 24:07 | Build | Fish Trap |
| 24:30 | Create | Villager (Male) |
| 24:30 | Create | Villager (Male) |
| 24:31 | Create | Villager (Male) |
| 24:34 | Create | Trade Cart |
| 25:01 | Build | Market |
| 25:14 | Build | Farm |
| 25:30 | Build | Farm |
| 25:51 | Create | Knight |
| 25:51 | Create | Knight |
| 25:52 | Create | Knight |
| 25:52 | Create | Knight |
| 25:52 | Create | Knight |
| 25:52 | Create | Knight |
| 28:41 | Build | Castle |
| 28:56 | Build | Castle |
| 29:03 | Create | Villager (Male) |
| 29:04 | Create | Villager (Male) |
| 29:04 | Create | Villager (Male) |
| 29:04 | Create | Villager (Male) |
| 29:21 | Research | Fletching |
| 29:50 | Build | Siege Workshop |
| 30:40 | Create | Petard |
| 30:41 | Create | Petard |
| 30:42 | Create | Petard |
| 31:52 | Build | Mining Camp |
| 32:33 | Create | Mangonel |
| 32:41 | Research | Husbandry |
| 32:44 | Create | Knight |
| 32:44 | Create | Knight |
| 32:52 | Build | Stable |
| 32:53 | Build | Stable |
| 32:54 | Build | Stable |
| 32:55 | Build | Stable |
Build order — DreGweKer
First 150 of 335 actions detected
| 0:01 | Create | Villager (Male) |
| 0:02 | Build | House |
| 0:04 | Build | House |
| 0:07 | Research | Loom |
| 0:08 | Create | Villager (Male) |
| 0:08 | Create | Villager (Male) |
| 0:08 | Create | Villager (Male) |
| 1:18 | Create | Villager (Male) |
| 1:42 | Build | Palisade Wall |
| 1:56 | Build | Palisade Wall |
| 2:15 | Create | Villager (Male) |
| 2:49 | Create | Villager (Male) |
| 2:50 | Create | Villager (Male) |
| 3:16 | Create | Villager (Male) |
| 3:32 | Create | Villager (Male) |
| 3:32 | Create | Villager (Male) |
| 4:15 | Create | Villager (Male) |
| 4:15 | Create | Villager (Male) |
| 4:20 | Build | House |
| 4:23 | Create | Villager (Male) |
| 5:13 | Create | Villager (Male) |
| 5:14 | Create | Villager (Male) |
| 5:42 | Build | Lumber Camp |
| 5:48 | Create | Villager (Male) |
| 5:48 | Create | Villager (Male) |
| 6:06 | Build | House |
| 6:34 | Create | Villager (Male) |
| 6:34 | Create | Villager (Male) |
| 7:15 | Build | House |
| 7:57 | Create | Villager (Male) |
| 8:17 | Create | Villager (Male) |
| 8:29 | Build | Mill |
| 8:38 | Create | Villager (Male) |
| 8:38 | Create | Villager (Male) |
| 8:38 | Create | Villager (Male) |
| 8:40 | Create | Villager (Male) |
| 8:41 | Create | Villager (Male) |
| 10:18 | Build | House |
| 10:59 | Create | Villager (Male) |
| 11:00 | Create | Villager (Male) |
| 11:05 | Build | Mining Camp |
| 11:52 | Create | Villager (Male) |
| 11:54 | Create | Villager (Male) |
| 12:58 | Research | Feudal Age |
| 13:14 | Build | Mill |
| 13:38 | Build | House |
| 13:40 | Build | House |
| 13:41 | Build | House |
| 13:42 | Build | House |
| 14:08 | Build | Mill |
| 15:08 | Age | Feudal Age |
| 15:09 | Research | Wheelbarrow |
| 15:09 | Research | Town Watch |
| 15:14 | Research | Double-Bit Axe |
| 15:52 | Build | Stone Wall |
| 16:22 | Build | Market |
| 16:36 | Build | Blacksmith |
| 16:40 | Create | Villager (Male) |
| 16:42 | Research | Horse Collar |
| 17:17 | Create | Villager (Male) |
| 17:40 | Build | Mining Camp |
| 17:48 | Build | Stone Wall |
| 17:53 | Create | Villager (Male) |
| 18:20 | Create | Villager (Male) |
| 18:20 | Create | Villager (Male) |
| 19:04 | Create | Villager (Male) |
| 19:45 | Create | Villager (Male) |
| 20:25 | Research | Castle Age |
| 20:35 | Build | Farm |
| 20:37 | Build | Farm |
| 20:38 | Build | Farm |
| 20:41 | Build | Farm |
| 20:42 | Build | Farm |
| 20:44 | Build | Farm |
| 20:47 | Build | Farm |
| 20:48 | Build | Farm |
| 20:53 | Build | Farm |
| 20:55 | Build | Farm |
| 20:56 | Build | Farm |
| 20:57 | Build | Farm |
| 21:01 | Build | Farm |
| 21:03 | Build | Farm |
| 21:05 | Build | Farm |
| 21:09 | Build | Farm |
| 21:10 | Build | Farm |
| 21:11 | Build | Farm |
| 21:14 | Build | Farm |
| 21:17 | Build | Mill |
| 21:18 | Build | Farm |
| 21:19 | Build | Farm |
| 21:21 | Build | Farm |
| 21:22 | Build | Farm |
| 21:41 | Research | Stone Mining |
| 21:42 | Research | Gold Mining |
| 23:05 | Age | Castle Age |
| 23:07 | Research | Hand Cart |
| 23:35 | Build | Town Center |
| 23:48 | Build | Town Center |
| 23:56 | Create | Villager (Male) |
| 24:05 | Create | Villager (Male) |
| 24:29 | Build | Town Center |
| 24:35 | Create | Villager (Male) |
| 24:35 | Create | Villager (Male) |
| 24:36 | Create | Villager (Male) |
| 24:39 | Research | Town Patrol |
| 24:40 | Create | Villager (Male) |
| 24:40 | Create | Villager (Male) |
| 24:40 | Create | Villager (Male) |
| 24:46 | Research | Bow Saw |
| 24:56 | Research | Stone Shaft Mining |
| 25:19 | Build | Lumber Camp |
| 25:26 | Create | Villager (Male) |
| 25:27 | Create | Villager (Male) |
| 25:27 | Create | Villager (Male) |
| 25:31 | Create | Villager (Male) |
| 25:34 | Create | Villager (Male) |
| 25:43 | Create | Trade Cart |
| 25:52 | Create | Villager (Male) |
| 25:52 | Create | Villager (Male) |
| 25:53 | Create | Villager (Male) |
| 25:55 | Create | Villager (Male) |
| 26:05 | Create | Villager (Male) |
| 26:07 | Create | Villager (Male) |
| 27:02 | Build | Stone Wall |
| 27:17 | Build | Barracks |
| 27:20 | Create | Villager (Male) |
| 27:20 | Create | Villager (Male) |
| 27:21 | Create | Villager (Male) |
| 27:22 | Create | Villager (Male) |
| 27:22 | Create | Villager (Male) |
| 27:23 | Create | Villager (Male) |
| 27:25 | Create | Villager (Male) |
| 27:25 | Create | Villager (Male) |
| 27:26 | Create | Villager (Male) |
| 28:03 | Build | Stable |
| 28:13 | Build | Castle |
| 28:32 | Build | Stable |
| 28:35 | Create | Camel Scout |
| 28:35 | Create | Camel Scout |
| 28:36 | Create | Camel Scout |
| 28:46 | Create | Villager (Male) |
| 28:47 | Create | Villager (Male) |
| 28:48 | Create | Villager (Male) |
| 28:50 | Create | Villager (Male) |
| 28:50 | Create | Villager (Male) |
| 29:09 | Create | Camel Scout |
| 29:10 | Create | Camel Scout |
| 29:10 | Create | Camel Scout |
| 29:13 | Create | Camel Scout |
| 29:22 | Research | Forging |
Build order — krescher
First 150 of 376 actions detected
| 0:00 | Create | Villager (Male) |
| 0:01 | Create | Villager (Male) |
| 0:01 | Create | Villager (Male) |
| 0:02 | Build | House |
| 0:03 | Build | House |
| 0:05 | Create | Villager (Male) |
| 1:14 | Create | Villager (Male) |
| 1:46 | Build | Lumber Camp |
| 1:50 | Create | Villager (Male) |
| 2:39 | Create | Villager (Male) |
| 2:40 | Create | Villager (Male) |
| 3:35 | Create | Villager (Male) |
| 3:35 | Create | Villager (Male) |
| 3:55 | Create | Villager (Male) |
| 3:55 | Create | Villager (Male) |
| 4:38 | Create | Villager (Male) |
| 4:54 | Build | House |
| 4:57 | Research | Loom |
| 5:05 | Create | Villager (Male) |
| 5:25 | Create | Villager (Male) |
| 5:47 | Create | Villager (Male) |
| 6:01 | Create | Villager (Male) |
| 6:01 | Create | Villager (Male) |
| 6:08 | Create | Villager (Male) |
| 6:22 | Create | Villager (Male) |
| 6:25 | Build | House |
| 6:41 | Create | Villager (Male) |
| 6:51 | Create | Villager (Male) |
| 6:56 | Create | Villager (Male) |
| 7:00 | Create | Villager (Male) |
| 7:15 | Create | Villager (Male) |
| 7:42 | Create | Villager (Male) |
| 7:42 | Create | Villager (Male) |
| 8:09 | Build | Dock |
| 8:22 | Create | Villager (Male) |
| 8:28 | Build | Mill |
| 8:45 | Create | Villager (Male) |
| 9:11 | Create | Villager (Male) |
| 9:24 | Research | Feudal Age |
| 9:40 | Build | House |
| 10:06 | Create | Villager (Male) |
| 10:09 | Create | Fishing Ship |
| 10:19 | Create | Villager (Male) |
| 10:19 | Create | Villager (Male) |
| 10:47 | Create | Villager (Male) |
| 10:47 | Create | Villager (Male) |
| 10:59 | Create | Villager (Male) |
| 11:13 | Create | Fishing Ship |
| 11:20 | Create | Villager (Male) |
| 11:34 | Build | Farm |
| 11:35 | Build | Farm |
| 11:43 | Age | Feudal Age |
| 11:43 | Build | Farm |
| 11:47 | Build | Farm |
| 11:55 | Research | Horse Collar |
| 11:58 | Research | Double-Bit Axe |
| 12:31 | Create | Fishing Ship |
| 12:31 | Create | Fishing Ship |
| 12:35 | Build | House |
| 12:42 | Research | Wheelbarrow |
| 12:52 | Build | House |
| 12:53 | Build | House |
| 12:54 | Build | House |
| 13:22 | Create | Villager (Male) |
| 13:28 | Build | Farm |
| 13:36 | Build | Mining Camp |
| 13:53 | Create | Fishing Ship |
| 13:53 | Create | Fishing Ship |
| 14:17 | Create | Fishing Ship |
| 14:25 | Create | Villager (Male) |
| 14:25 | Create | Villager (Male) |
| 14:42 | Build | Market |
| 14:44 | Create | Villager (Male) |
| 15:22 | Build | Fish Trap |
| 15:26 | Build | Fish Trap |
| 15:32 | Build | Fish Trap |
| 15:44 | Build | Fish Trap |
| 16:00 | Build | House |
| 16:10 | Create | Villager (Male) |
| 16:31 | Build | Fish Trap |
| 16:40 | Build | Fish Trap |
| 16:46 | Build | House |
| 16:53 | Create | Villager (Male) |
| 17:04 | Build | Fish Trap |
| 17:15 | Create | Villager (Male) |
| 17:26 | Build | Blacksmith |
| 17:28 | Create | Villager (Male) |
| 17:51 | Create | Demolition Raft |
| 17:55 | Create | Fishing Ship |
| 18:03 | Build | Lumber Camp |
| 18:08 | Build | House |
| 18:34 | Research | Castle Age |
| 18:57 | Build | Fish Trap |
| 19:09 | Build | Mining Camp |
| 19:14 | Create | Villager (Male) |
| 19:14 | Create | Villager (Male) |
| 19:36 | Create | Villager (Male) |
| 19:36 | Create | Villager (Male) |
| 20:04 | Research | Tech 906 |
| 20:11 | Build | Barracks |
| 20:13 | Research | Scale Mail Armor |
| 20:13 | Research | Forging |
| 20:28 | Create | Villager (Male) |
| 20:35 | Research | Gold Mining |
| 20:35 | Research | Stone Mining |
| 20:43 | Build | Lumber Camp |
| 20:54 | Build | Mining Camp |
| 21:14 | Age | Castle Age |
| 21:23 | Build | Siege Workshop |
| 21:27 | Research | Gambesons |
| 21:29 | Create | Villager (Male) |
| 21:30 | Create | Villager (Male) |
| 21:37 | Build | Town Center |
| 21:45 | Build | Town Center |
| 21:53 | Create | Villager (Male) |
| 21:57 | Research | Hand Cart |
| 22:13 | Build | Lumber Camp |
| 22:24 | Create | Battering Ram |
| 22:28 | Research | Arson |
| 22:44 | Research | Chain Mail Armor |
| 22:45 | Research | Iron Casting |
| 22:49 | Create | Villager (Male) |
| 22:49 | Create | Villager (Male) |
| 22:50 | Create | Villager (Male) |
| 22:50 | Create | Villager (Male) |
| 22:58 | Research | Gold Shaft Mining |
| 23:05 | Create | Villager (Male) |
| 23:05 | Create | Villager (Male) |
| 23:10 | Create | Battering Ram |
| 23:14 | Create | Villager (Male) |
| 23:15 | Create | Villager (Male) |
| 23:22 | Create | Battering Ram |
| 23:27 | Build | Farm |
| 23:31 | Create | Villager (Male) |
| 23:32 | Create | Villager (Male) |
| 23:32 | Create | Villager (Male) |
| 23:37 | Create | Battering Ram |
| 23:48 | Create | Villager (Male) |
| 23:54 | Build | Lumber Camp |
| 24:07 | Create | Villager (Male) ×2 |
| 24:10 | Create | Villager (Male) |
| 24:30 | Build | Farm |
| 24:31 | Build | Farm |
| 24:31 | Build | Farm |
| 24:33 | Create | Villager (Male) |
| 24:38 | Create | Battering Ram |
| 24:47 | Create | Villager (Male) |
| 24:47 | Create | Villager (Male) |
| 25:01 | Create | Battering Ram |
| 25:12 | Build | Farm |
Build order — 90_Archer
First 150 of 333 actions detected
| 0:04 | Build | House |
| 0:05 | Build | House |
| 0:06 | Create | Villager (Male) |
| 0:06 | Create | Villager (Male) |
| 0:07 | Create | Villager (Male) |
| 0:07 | Create | Villager (Male) |
| 0:07 | Create | Villager (Male) |
| 0:22 | Research | Loom |
| 0:54 | Create | Villager (Male) |
| 0:55 | Create | Villager (Male) |
| 0:55 | Create | Villager (Male) |
| 0:55 | Create | Villager (Male) |
| 1:59 | Create | Villager (Male) |
| 2:00 | Create | Villager (Male) |
| 2:12 | Build | Palisade Wall |
| 2:33 | Build | Lumber Camp |
| 2:45 | Create | Villager (Male) |
| 3:07 | Create | Villager (Male) |
| 3:07 | Create | Villager (Male) |
| 3:29 | Create | Villager (Male) |
| 3:29 | Create | Villager (Male) |
| 4:37 | Create | Villager (Male) |
| 4:38 | Create | Villager (Male) |
| 4:38 | Create | Villager (Male) |
| 5:10 | Build | Dock |
| 5:26 | Create | Villager (Male) |
| 5:27 | Create | Villager (Male) |
| 5:27 | Create | Villager (Male) |
| 6:05 | Build | House |
| 6:35 | Create | Villager (Male) |
| 6:35 | Create | Villager (Male) |
| 6:35 | Create | Villager (Male) |
| 6:51 | Create | Villager (Male) |
| 6:51 | Create | Villager (Male) |
| 6:55 | Build | Mill |
| 6:58 | Create | Villager (Male) |
| 6:59 | Create | Villager (Male) |
| 7:09 | Create | Fishing Ship |
| 7:43 | Build | House |
| 7:45 | Build | House |
| 8:08 | Create | Villager (Male) |
| 8:08 | Create | Villager (Male) |
| 8:28 | Create | Villager (Male) |
| 9:35 | Build | Lumber Camp |
| 10:24 | Create | Villager (Male) |
| 10:24 | Create | Villager (Male) |
| 10:26 | Create | Villager (Male) |
| 10:32 | Create | Fishing Ship |
| 10:59 | Build | Dock |
| 11:04 | Create | Villager (Male) |
| 11:05 | Create | Villager (Male) |
| 11:11 | Build | Mining Camp |
| 11:49 | Build | Mining Camp |
| 11:57 | Research | Feudal Age |
| 12:02 | Build | Mill |
| 12:17 | Build | House |
| 12:19 | Build | House |
| 12:40 | Create | Fishing Ship |
| 12:41 | Create | Fishing Ship |
| 13:31 | Build | House |
| 13:33 | Build | House |
| 14:03 | Create | Villager (Male) |
| 14:03 | Create | Villager (Male) |
| 14:39 | Age | Feudal Age |
| 14:44 | Build | Blacksmith |
| 14:52 | Build | Market |
| 15:15 | Build | Lumber Camp |
| 15:43 | Research | Castle Age |
| 16:17 | Research | Double-Bit Axe |
| 16:48 | Research | Horse Collar |
| 16:49 | Research | Horse Collar |
| 16:54 | Create | Fishing Ship |
| 16:55 | Create | Fishing Ship |
| 17:14 | Research | Tech 906 |
| 17:41 | Build | Fish Trap |
| 17:49 | Build | Fish Trap |
| 18:23 | Build | Fish Trap |
| 18:23 | Age | Castle Age |
| 18:25 | Build | Fish Trap |
| 18:33 | Build | Fish Trap |
| 18:34 | Create | Villager (Male) |
| 18:35 | Create | Villager (Male) |
| 18:42 | Research | Bow Saw |
| 19:05 | Build | Castle |
| 19:16 | Create | Villager (Male) |
| 19:26 | Research | Gillnets |
| 19:48 | Build | Town Center |
| 20:05 | Create | Villager (Male) |
| 20:23 | Create | Villager (Male) |
| 20:42 | Build | Town Center |
| 20:50 | Build | Farm |
| 20:52 | Build | Farm |
| 21:10 | Create | Villager (Male) |
| 21:10 | Create | Villager (Male) |
| 21:10 | Create | Villager (Male) |
| 21:18 | Create | Fishing Ship |
| 21:18 | Create | Fishing Ship |
| 21:36 | Build | Mining Camp |
| 21:46 | Create | Villager (Male) |
| 21:47 | Create | Villager (Male) |
| 21:47 | Create | Villager (Male) |
| 21:52 | Create | Fishing Ship |
| 21:53 | Create | Fishing Ship |
| 22:16 | Build | Farm |
| 22:29 | Research | Wheelbarrow |
| 22:35 | Build | Fish Trap |
| 22:50 | Build | Fish Trap |
| 22:55 | Build | Fish Trap |
| 23:01 | Create | Fishing Ship |
| 23:02 | Create | Fishing Ship |
| 23:07 | Create | Villager (Male) |
| 23:15 | Build | Lumber Camp |
| 23:34 | Create | Villager (Male) |
| 23:34 | Create | Villager (Male) |
| 23:34 | Create | Villager (Male) |
| 23:42 | Create | Fishing Ship |
| 23:43 | Create | Fishing Ship |
| 23:54 | Build | Fish Trap |
| 24:03 | Build | Fish Trap |
| 24:12 | Create | Villager (Male) |
| 24:12 | Create | Villager (Male) |
| 24:22 | Create | Villager (Male) |
| 24:22 | Create | Villager (Male) |
| 24:22 | Create | Villager (Male) |
| 24:26 | Build | Farm |
| 24:28 | Create | Villager (Male) |
| 24:29 | Create | Villager (Male) |
| 24:41 | Build | Fish Trap |
| 24:49 | Build | Fish Trap |
| 24:50 | Create | Villager (Male) |
| 24:51 | Create | Villager (Male) |
| 25:08 | Build | Farm |
| 25:10 | Build | Farm |
| 25:21 | Create | Villager (Male) |
| 25:21 | Create | Villager (Male) |
| 25:22 | Create | Villager (Male) |
| 25:22 | Create | Villager (Male) |
| 25:22 | Create | Villager (Male) |
| 25:30 | Build | Town Center |
| 25:37 | Create | Villager (Male) |
| 25:37 | Create | Villager (Male) |
| 25:38 | Create | Villager (Male) |
| 25:54 | Build | Town Center |
| 25:58 | Build | Farm |
| 26:06 | Build | House |
| 26:08 | Build | House |
| 26:15 | Build | House |
| 26:24 | Build | House |
| 26:25 | Build | House |
| 26:29 | Build | Farm |
Build order — Nelgubi
First 150 of 239 actions detected
| 0:03 | Build | House |
| 0:04 | Build | House |
| 0:05 | Create | Villager (Male) |
| 0:06 | Create | Villager (Male) |
| 0:10 | Create | Villager (Male) |
| 0:11 | Create | Villager (Male) |
| 1:35 | Build | Dock |
| 1:45 | Build | Dock |
| 1:47 | Create | Villager (Male) |
| 2:14 | Create | Villager (Male) |
| 2:27 | Create | Villager (Male) |
| 2:46 | Create | Villager (Male) |
| 3:22 | Create | Villager (Male) |
| 3:54 | Build | Lumber Camp |
| 4:00 | Create | Villager (Male) |
| 4:29 | Create | Villager (Male) |
| 5:01 | Build | House |
| 5:09 | Create | Villager (Male) |
| 5:21 | Create | Fishing Ship |
| 5:44 | Create | Villager (Male) |
| 5:46 | Create | Fishing Ship |
| 5:59 | Build | House |
| 6:19 | Create | Fishing Ship |
| 6:28 | Create | Villager (Male) |
| 6:44 | Create | Villager (Male) |
| 6:53 | Create | Fishing Ship |
| 7:14 | Create | Villager (Male) |
| 7:17 | Create | Fishing Ship |
| 7:40 | Create | Villager (Male) |
| 7:45 | Build | House |
| 7:47 | Build | House |
| 7:52 | Create | Fishing Ship |
| 8:28 | Create | Villager (Male) |
| 8:50 | Create | Villager (Male) |
| 8:52 | Create | Villager (Male) |
| 8:57 | Build | Mill |
| 9:01 | Create | Villager (Male) |
| 9:04 | Create | Villager (Male) |
| 9:05 | Create | Fishing Ship |
| 9:34 | Create | Fishing Ship |
| 10:16 | Create | Villager (Male) |
| 10:18 | Create | Villager (Male) |
| 10:43 | Research | Feudal Age |
| 11:44 | Build | Dock |
| 12:03 | Create | Villager (Male) |
| 12:41 | Build | House |
| 13:09 | Age | Feudal Age |
| 13:15 | Build | Fish Trap |
| 13:23 | Build | House |
| 13:28 | Build | Fish Trap |
| 13:36 | Build | Fish Trap |
| 13:41 | Build | Fish Trap |
| 13:45 | Build | Fish Trap |
| 13:54 | Create | Villager (Male) |
| 13:54 | Create | Villager (Male) |
| 13:55 | Create | Villager (Male) |
| 13:57 | Create | Villager (Male) |
| 14:06 | Build | Lumber Camp |
| 14:38 | Build | Fish Trap |
| 14:52 | Build | House |
| 15:01 | Build | Fish Trap |
| 15:07 | Build | Fish Trap |
| 15:14 | Create | Villager (Male) |
| 15:30 | Create | Villager (Male) |
| 15:33 | Build | Farm |
| 15:36 | Research | Horse Collar |
| 15:49 | Build | House |
| 15:55 | Build | House |
| 16:02 | Build | Blacksmith |
| 16:24 | Research | Tech 906 |
| 16:26 | Create | Demolition Raft |
| 16:33 | Create | Villager (Male) |
| 16:34 | Create | Villager (Male) |
| 16:36 | Build | Farm |
| 17:04 | Build | Barracks |
| 17:15 | Build | House |
| 17:45 | Build | Farm |
| 17:46 | Create | Villager (Male) |
| 17:46 | Create | Villager (Male) |
| 17:46 | Create | Villager (Male) |
| 18:01 | Create | Villager (Male) |
| 18:03 | Build | Farm |
| 18:05 | Build | Farm |
| 18:07 | Build | Farm |
| 18:09 | Build | Farm |
| 18:11 | Create | Villager (Male) |
| 18:15 | Build | Farm |
| 18:30 | Build | Mining Camp |
| 18:39 | Build | Mining Camp |
| 19:07 | Create | Villager (Male) |
| 19:19 | Build | House |
| 19:23 | Create | Villager (Male) |
| 19:44 | Build | House |
| 19:47 | Build | House |
| 20:06 | Create | Villager (Male) |
| 20:12 | Research | Stone Mining |
| 20:14 | Research | Gold Mining |
| 20:20 | Create | Villager (Male) |
| 20:27 | Build | Stable |
| 20:32 | Create | Demolition Raft |
| 20:35 | Create | Demolition Raft |
| 20:41 | Create | Fishing Ship |
| 20:45 | Create | Demolition Raft |
| 20:51 | Create | Fishing Ship |
| 20:59 | Create | Fishing Ship |
| 21:03 | Create | Fishing Ship |
| 21:25 | Create | Villager (Male) |
| 21:34 | Build | Fish Trap |
| 21:38 | Build | Fish Trap |
| 21:40 | Create | Demolition Raft |
| 21:43 | Create | Fishing Ship |
| 21:48 | Create | Fishing Ship |
| 22:08 | Build | Fish Trap |
| 22:16 | Build | Fish Trap |
| 22:41 | Build | House |
| 22:49 | Build | Fish Trap |
| 22:55 | Build | Fish Trap |
| 23:04 | Research | Castle Age |
| 23:05 | Research | Castle Age |
| 23:17 | Build | Market |
| 23:25 | Build | House |
| 23:42 | Build | Farm |
| 23:46 | Build | Farm |
| 23:59 | Build | House |
| 24:03 | Build | House |
| 24:08 | Build | House |
| 24:21 | Create | Villager (Male) |
| 24:39 | Create | Trade Cart |
| 24:40 | Create | Trade Cart |
| 24:41 | Create | Trade Cart |
| 24:44 | Create | Trade Cart |
| 24:45 | Create | Trade Cart |
| 24:45 | Create | Trade Cart |
| 24:51 | Research | Bloodlines |
| 25:14 | Build | House |
| 25:17 | Build | House |
| 25:44 | Age | Castle Age |
| 26:01 | Create | Knight |
| 26:11 | Research | Scale Mail Armor |
| 26:14 | Research | Scale Barding Armor |
| 26:15 | Research | Forging |
| 27:33 | Create | Villager (Male) |
| 27:33 | Create | Villager (Male) |
| 27:34 | Create | Villager (Male) |
| 27:34 | Create | Villager (Male) |
| 27:34 | Create | Villager (Male) |
| 27:41 | Research | Loom |
| 27:46 | Create | Villager (Male) |
| 27:47 | Create | Villager (Male) |
| 27:52 | Create | Knight ×5 |
Match timeline
| 1:35 | Nelgubi · first_building Dock |
| 1:42 | DreGweKer · wall_segment Palisade Wall x16 |
| 1:43 | Utku · wall_segment Palisade Wall x1 |
| 1:56 | DreGweKer · wall_segment Palisade Wall x6 |
| 2:12 | 90_Archer · wall_segment Palisade Wall x10 |
| 2:39 | Utku · wall_segment Palisade Wall x9 |
| 4:55 | Utku · wall_segment Palisade Wall x1 |
| 5:10 | 90_Archer · first_building Dock |
| 8:09 | krescher · first_building Dock |
| 10:27 | Hamza · first_building Dock |
| 11:43 | krescher · age_up feudal |
| 12:06 | Hamza · age_up feudal |
| 12:21 | Utku · age_up feudal |
| 13:09 | Nelgubi · age_up feudal |
| 14:39 | 90_Archer · age_up feudal |
| 15:08 | DreGweKer · age_up feudal |
| 15:52 | DreGweKer · wall_segment Stone Wall x8 |
| 16:19 | Utku · first_building Barracks |
| 17:04 | Nelgubi · first_building Barracks |
| 17:30 | Utku · first_building Stable |
| 17:48 | DreGweKer · wall_segment Stone Wall x14 |
| 18:23 | 90_Archer · age_up castle |
| 19:05 | 90_Archer · first_building Castle |
| 19:26 | Utku · age_up castle |
| 19:30 | Utku · first_building Monastery |
| 20:11 | krescher · first_building Barracks |
| 20:24 | Hamza · first_building Barracks |
| 20:27 | Nelgubi · first_building Stable |
| 21:14 | krescher · age_up castle |
| 21:23 | krescher · first_building Siege Workshop |
| 21:44 | Utku · first_building Siege Workshop |
| 21:57 | Hamza · first_building Stable |
| 22:30 | Hamza · age_up castle |
| 23:05 | DreGweKer · age_up castle |
| 24:25 | Utku · wall_segment Stone Wall x10 |
| 25:44 | Nelgubi · age_up castle |
| 27:02 | DreGweKer · wall_segment Stone Wall x8 |
| 27:17 | DreGweKer · first_building Barracks |
| 27:38 | Utku · first_building Castle |
| 28:03 | DreGweKer · first_building Stable |
| 28:13 | DreGweKer · first_building Castle |
| 28:13 | Nelgubi · first_building Castle |
| 28:35 | Hamza · first_market_buy 500 stone |
| 28:41 | Hamza · first_building Castle |
| 28:42 | krescher · first_building Castle |
| 29:50 | Hamza · first_building Siege Workshop |
| 30:34 | Utku · first_market_sell 100 wood |
| 33:12 | Utku · wall_segment Stone Wall x9 |
| 33:45 | Utku · age_up imperial |
| 33:47 | Nelgubi · wall_segment Stone Wall x1 |
| 34:31 | Utku · wall_segment Stone Wall x7 |
| 34:32 | Hamza · first_building Monastery |
| 34:33 | krescher · first_market_sell 500 wood |
| 34:46 | 90_Archer · age_up imperial |
| 37:12 | DreGweKer · first_market_sell 100 wood |
| 37:22 | Hamza · resign |
| 37:29 | Nelgubi · age_up imperial |
| 37:47 | krescher · age_up imperial |
| 39:00 | DreGweKer · wall_segment Stone Wall x1 |
| 41:31 | 90_Archer · first_building Barracks |
| 42:16 | DreGweKer · age_up imperial |
| 42:39 | 90_Archer · first_building Siege Workshop |
| 43:13 | 90_Archer · first_building Stable |
[ AI ANALYSIS · 1 CREDIT ]
What really happened in this match?
Wolo.gg analyzes every decision: build order, eco, micro, common mistakes by bracket. Personalized analysis on WhatsApp or Discord in 30 seconds.
Civ guide
Teutons
Map guide
Black Forest
Perfil
Jugador #462231